 Dungeon Crawl Stone Soup version 0.31-a0-640-g39d97e502b (webtiles) character file.

Game seed: 12380576301660303645

101 Ekaitz the Ruffian (level 4, -3/36 HPs)
             Began as a Draconian Shapeshifter on Aug 28, 2023.
             Slain by a scorpion (6 damage)
             ... on level 3 of the Dungeon.
             The game lasted 00:05:23 (1639 turns).

Ekaitz the Ruffian (Draconian Shapeshifter)         Turns: 1639, Time: 00:05:23

Health: -3/36      AC:  5    Str: 15 (16) XL:     4   Next: 48%
Magic:  4/4        EV: 12    Int:  9 (11) God:
Gold:   145        SH:  0    Dex: 11 (12) Spells: 3/3 levels left

rFire   . .          .
                       - Unarmed
rCold   . . .        (no shield)
rNeg    . . .        (body armour unavailable)
rPois   .            (helmet currently unavailable)
rElec   .            (cloak currently unavailable)
rCorr   .            (gloves currently unavailable)
SInv    .            (boots currently unavailable)
Will    .....        (no amulet)
Stlth   +            (no ring)
HPRegen 0.26/turn    (no ring)
MPRegen 0.09/turn

%: no passive effects
@: lethally poisoned (-3 -> -8), beast-form
A: beast (slay +2), AC +5, unfitting armour, cold-blooded
a: Begin Untransformation


You were on level 3 of the Dungeon.
You were a hulking beast.
You visited 1 branch of the dungeon, and saw 3 of its levels.

You collected 145 gold pieces.

Inventory:

Hand Weapons
 p - a +0 halberd
Missiles
 h - 2 throwing nets
Talismans
 b - a beast talisman (active)
 c - a flux talisman
Scrolls
 d - 2 scrolls of teleportation {unknown}
 e - a scroll of fog {unknown}
 f - 2 scrolls of enchant weapon {unknown}
 m - a scroll of enchant armour {unknown}
 n - a scroll of amnesia {unknown}
Potions
 a - 2 potions of lignification
 g - a potion of curing {unknown}
 i - 2 potions of degeneration
 j - a potion of heal wounds {unknown}
 k - a potion of magic {unknown}
 l - a potion of attraction {unknown}


   Skills:
 * Level 1.8 Fighting
 * Level 2.2 Dodging
 + Level 0.1 Stealth
 * Level 4.1 Unarmed Combat
 * Level 3.7 Shapeshifting


You had 3 spell levels left.
You didn't know any spells.
Your spell library was empty.

Dungeon Overview and Level Annotations

Branches:
Dungeon (3/15)

Altars:
Gozag


Innate Abilities, Weirdness & Mutations

You are a hulking beast.
Your limbs bulge with bestial killing power. (Slay +2)
Your plain brown scales are hard. (AC +5)
You cannot fit into any form of body armour.
You are cold-blooded and may be slowed by cold attacks.


Message History

You closely miss the scorpion.
The scorpion is heavily wounded.
You feel very sick. The scorpion stings you.
You barely miss the scorpion.
The scorpion is heavily wounded.
You feel very sick. The scorpion closely misses you.
You hit the scorpion but do no damage. Your punch misses the scorpion.
The scorpion is heavily wounded.
You feel sick. The scorpion misses you.
You hit the scorpion but do no damage. You tail-slap the scorpion.
The scorpion is heavily wounded.
You feel sick. The scorpion stings you.
You are more poisoned.
The scorpion poisons you! The scorpion barely misses you.
You hit the scorpion but do no damage.
The scorpion is heavily wounded.
You feel very sick. The scorpion stings you.
You hit the scorpion.
Your tail-slap misses the scorpion.
The scorpion is heavily wounded.
* * * LOW HITPOINT WARNING * * *
You feel very sick. The scorpion closely misses you.
You barely miss the scorpion.
The scorpion is heavily wounded.
* * * LOW HITPOINT WARNING * * *
You feel sick. The scorpion stings you.
* * * LOW HITPOINT WARNING * * *
It was a potion of degeneration.
There was something very wrong with that liquid.
You feel weakened.
You feel dopey.
You feel clumsy.
* * * LOW HITPOINT WARNING * * *
You feel sick. The scorpion misses you.
It was a potion of mutation.
You feel extremely strange.
You feel agile.
You feel clumsy.
* * * LOW HITPOINT WARNING * * *
You feel sick. The scorpion stings you.
You die...

......##. .....##.
.....#.. #####.#.#
......... #######.#
#)# ##########
#######.# #....hs..#
#.......#
#.######.###.#.#######
#.# #.....#.# #.#
#######.# #.# #.# #.#
#.# #.#### #)# #....#
#.## ####.# #..##


You could see a scorpion.

Vanquished Creatures
  An adder (D:2)
  3 gnolls (D:3)
  2 worms (D:2)
  A dart slug (D:1)
  5 ball pythons
  5 endoplasms
  A giant cockroach (D:2)
  4 goblins
  4 hobgoblins
  7 jackals
  2 quokkas
  6 bats
  9 kobolds
  2 rats
52 creatures vanquished.

Notes
Turn   | Place    | Note
-------+----------+-------------------------------------------
     0 | D:1      | Ekaitz the Draconian Shapeshifter began the quest for the
                  | Orb.
     0 | D:1      | Reached XP level 1. HP: 16/16 MP: 1/1
   157 | D:1      | Reached XP level 2. HP: 23/23 MP: 2/2
   651 | D:2      | Reached XP level 3. HP: 28/28 MP: 3/3
  1274 | D:2      | Reached XP level 4. HP: 30/36 MP: 4/4
  1312 | D:2      | You fall into a shaft and drop 1 floor!
  1498 | D:3      | Found an opulent altar of Gozag.
  1510 | D:3      | Reached skill level 4 in Unarmed Combat
  1624 | D:3      | Noticed a scorpion
  1639 | D:3      | Gained mutation: You are agile. (Dex +4, Str/Int -1)
                  | [potion of mutation]
  1639 | D:3      | Lost mutation: You are agile. (Dex +4, Str/Int -1) [potion
                  | of mutation]
  1639 | D:3      | Slain by a scorpion

Illustrated notes

Levels and vault maps discovered:
D:1:      minmay_arrival_stone_box, layout_basic, serial_forest,
          infiniplex_forest_end_3, infiniplex_forest_lined_2,
          infiniplex_forest_clump_C, infiniplex_forest_clump_small,
          infiniplex_forest_clump_double
D:2:      layout_loops_corners
D:3:      layout_basic, nicolae_gozag_seed_capital, minmay_close_crescents

Skill      XL: |  1  2  3  4 |
---------------+-------------+-----
Dodging        | 2 |  2.2
Unarmed Combat | 4 |  4.1
Fighting       | |  1.8
Stealth        | |  0.1
Shapeshifting  | |  3.7

Action                     |  1- 3 |  4- 6 || total
---------------------------+-------+-------++-------
  Melee: Unarmed           |   125 |    31 ||   156
         Tailslap          |    11 |     6 ||    17
         Punch             |     3 |     1 ||     4
Ability: Begin Untransform |     1 |       ||     1
    Use: Potion            |       |     2 ||     2
   Stab: Sleeping          |     1 |       ||     1
 Armour: Skin              |    59 |     3 ||    62
  Dodge: Dodged            |    79 |    14 ||    93
   Form: Beast             |     1 |       ||     1

Table legend: (Time is in decaauts)
 A = Elapsed time spent in this place.
 B = Non-inter-level travel time spent in this place.
 C = Inter-level travel time spent in this place.
 D = Time resting spent in this place.
 E = Time spent auto-exploring this place.
 F = Levels seen in this place.
 G = Mean time per level.
                   A        B        C        D        E       F      G
               +--------+--------+--------+--------+--------+-----+--------+
         Total |   1628 |   1614 |     14 |      0 |   1151 |   3 |  542.7 |
       Dungeon |   1628 |   1614 |     14 |      0 |   1151 |   3 |  542.7 |
               +--------+--------+--------+--------+--------+-----+--------+

Top non-repeatable levels by time:
     D:2: 696 daAuts
     D:1: 608 daAuts
     D:3: 324 daAuts
